 Dungeon Crawl Stone Soup version 0.18-a0-1702-gd20c6a5 (webtiles) character file.

135 wvc the Cudgeler (level 5, 0/54 HPs)
             Began as an Ogre Monk on Apr 6, 2016.
             Slain by Grinder (2 damage)
             ... on level 3 of the Dungeon.
             The game lasted 00:20:58 (1835 turns).

wvc the Cudgeler (Ogre Monk)                        Turns: 1835, Time: 00:20:59

Health: 0/54       AC:  3    Str: 16    XL:     5   Next: 18%
Magic:  5/5        EV: 10    Int: 15    God:
Gold:   75         SH:  0    Dex: 12    Spells: 0 memorised, 4 levels left

rFire  . . .     SeeInvis .     d - +0 mace (drain)
rCold  . . .     Gourm    .     a - +0 robe
rNeg   . . .     Faith    .     (no shield)
rPois  .         Spirit   .     (helmet restricted)
rElec  .         Dismiss  .     (no cloak)
rCorr  .         Reflect  .     (gloves unavailable)
SustAt .         Harm     .     (boots unavailable)
MR     .....                    (no amulet)
Stlth  ++........               (no ring)
                                (no ring)

@: brilliant, not resistant to hostile enchantments, unstealthy
A: unfitting armour, tough skin 1
a: no special abilities


You were on level 3 of the Dungeon.
You were not hungry.

You visited 1 branch of the dungeon, and saw 3 of its levels.

You collected 75 gold pieces.

Inventory:

Hand Weapons
 d - a +0 mace of draining (weapon)
Missiles
 f - a throwing net (quivered)
Armour
 a - a +0 robe (worn)
 p - a +0 large shield
Scrolls
 c - a scroll of enchant armour {unknown}
 e - a scroll of teleportation {unknown}
 i - a scroll of enchant weapon {unknown}
 j - 2 scrolls of remove curse {unknown}
 l - a scroll of blinking {unknown}
 n - a scroll of identify {unknown}
 o - a scroll of recharging {unknown}
Potions
 h - a potion of mutation {unknown}
 k - a potion of agility {unknown}
 q - a potion of flight {unknown}
Comestibles
 b - 3 bread rations
 m - 2 meat rations


   Skills:
 - Level 4.0 Fighting
 * Level 5.8 Maces & Flails
 - Level 3.0 Dodging
 - Level 1.5 Stealth
 - Level 3.6 Unarmed Combat


You had 4 spell levels left.
You didn't know any spells.

Dungeon Overview and Level Annotations

Branches:
Dungeon (3/15)

Altars:
Okawaru
Ru

Annotations:
D:3 Grinder


Innate Abilities, Weirdness & Mutations

You are too large for most types of armour.
You have tough skin (AC +1).


Message History

Grinder says, "Wait up."
Grinder barely misses you.
You closely miss Grinder.
Grinder is moderately wounded.
Grinder gestures.
Grinder blinks!
You hit Grinder but do no damage.
Grinder is moderately wounded.
Grinder gestures at you. You resist with significant effort. Grinder hits you.
* * * LOW HITPOINT WARNING * * *
You writhe in agony.
* * * LOW HITPOINT WARNING * * *
Drink which item? (? for menu, Esc to quit)
It was a potion of brilliance.
You feel clever all of a sudden. Grinder hits you!
* * * LOW HITPOINT WARNING * * *
You writhe in agony.
You die...

#. #####.. #.
#####......# #.#
##..†..##..# #.#
#.<##.....#
#.######.###.#####
#.##.....##..#
#...[#####.@##
######..### #.5.#
..........# #....#
####...##.# #....#
#.<## ... .....#
#..# ####....#
....# .....#
####.# ###...# #.#


You could see Grinder.

Vanquished Creatures
  Jessica (D:2)
  4 gnolls (D:2)
  An ooze (D:2)
  2 worms (D:2)
  3 dart slugs
  A giant gecko (D:1)
  A giant cockroach (D:1)
  11 hobgoblins
  2 ball pythons (D:2)
  7 bats
  2 giant newts
  7 goblins
  5 kobolds
  3 rats (D:1)
50 creatures vanquished.

Notes
Turn   | Place    | Note
--------------------------------------------------------------
     0 | D:1      | wvc the Ogre Monk began the quest for the Orb.
     0 | D:1      | Reached XP level 1. HP: 24/24 MP: 1/1
   116 | D:1      | Reached XP level 2. HP: 31/32 MP: 2/2
   120 | D:1      | Reached skill level 1 in Maces & Flails
   236 | D:1      | Reached skill level 2 in Maces & Flails
   550 | D:1      | Reached XP level 3. HP: 39/39 MP: 3/3
   694 | D:2      | Found a sacrificial altar of Ru.
   733 | D:2      | Reached skill level 3 in Maces & Flails
   887 | D:2      | Noticed Jessica
   900 | D:2      | Killed Jessica
   900 | D:2      | Reached skill level 4 in Maces & Flails
   900 | D:2      | Reached XP level 4. HP: 26/48 MP: 4/4
  1168 | D:2      | Found an iron altar of Okawaru.
  1206 | D:2      | Upgraded the game from 0.18-a0-1692-g516f9e9 to 0.18-a0-1702-gd20c6a5
  1380 | D:2      | Reached skill level 5 in Maces & Flails
  1403 | D:2      | Reached XP level 5. HP: 17/54 MP: 5/5
  1819 | D:3      | Noticed Grinder
  1835 | D:3      | HP: 2/54 [Grinder (7)]
  1835 | D:3      | Slain by Grinder

Vault maps used:
D:1:      dpeg_arrival_refuge, serial_forest, infiniplex_forest_lined_room_2,
          infiniplex_forest_lined_room_2, infiniplex_forest_end_3,
          infiniplex_forest_pool, infiniplex_forest_straight_3,
          infiniplex_forest_straight_2, hangedman_decor_riveting
D:2:      nicolae_overflow_crystal_walls, okawaru_ov_weapons_minmay,
          uniq_jessica
D:3:      ecumenical_altar_1, minmay_misc_feat_square, uniq_grinder

Skill      XL: |  1  2  3  4 |
---------------+-------------+-----
Dodging        | 3 |  3.0
Maces & Flails | 2 4 5 |  5.8
Fighting       | |  4.0
Stealth        | |  1.5
Unarmed Combat | |  3.6

Action                   |  1- 3 |  4- 6 || total
-------------------------+-------+-------++-------
Melee: Unarmed           |    17 |       ||    17
       Mace              |    81 |    67 ||   148
  Use: Potion            |       |     2 ||     2
 Stab: Sleeping          |     1 |     1 ||     2
  Eat: Fruit             |       |     4 ||     4
       Pizza             |       |     1 ||     1
